 Dungeon Crawl Stone Soup version 0.18.1-50-g88ac8fd (console) character file.

15547 Kloppie the Impaler (level 12, 0/153 HPs)
             Began as a Merfolk Berserker on Oct 8, 2016.
             Was an Elder of Trog.
             Killed from afar by Azrael (28 damage)
             ... with damnation
             ... on level 12 of the Dungeon on Oct 9, 2016.
             The game lasted 00:25:28 (12129 turns).

Kloppie the Impaler (Merfolk Berserker)            Turns: 12129, Time: 00:25:28

Health: 0/153      AC: 12    Str: 23    XL:     12   Next: 28%
Magic:  12/12      EV: 18    Int:  6    God:    Trog [****..]
Gold:   686        SH:  0    Dex: 18    Spells: 0 memorised, 11 levels left

rFire  + . .     SeeInvis .     L - +0 trident
rCold  x . .     Gourm    .     d - +0 scale mail
rNeg   . . .     Faith    .     (no shield)
rPois  .         Spirit   .     B - +2 helmet
rElec  .         Dismiss  .     (no cloak)
rCorr  .         Reflect  .     w - +0 pair of gloves
SustAt .         Harm     .     (no boots)
MR     ++...                    (no amulet)
Stlth  ..........               J - ring of fire
                                I - ring of flight

@: berserking (expiring), flying, regenerating, very quick, very resistant to
hostile enchantments, extremely unstealthy
A: change form in water, swift swim
a: Berserk, Trog's Hand, Brothers in Arms, Burn Spellbooks, Renounce Religion,
Stop Flying


You were on level 12 of the Dungeon.
You worshipped Trog.
Trog was greatly pleased with you.
You were hungry.

You visited 1 branch of the dungeon, and saw 13 of its levels.
You also visited: Ossuary.

You collected 686 gold pieces.

Inventory:

Hand Weapons
 a - a +2 spear of piercing
 L - a +0 trident (weapon)
Armour
 d - a +0 scale mail (worn)
 w - a +0 pair of gloves (worn)
 B - a +2 helmet (worn)
Jewellery
 I - a ring of flight (left hand)
 J - a ring of fire (right hand)
Wands
 e - a wand of lightning (6/15)
 g - a wand of paralysis (15/24)
 p - a wand of digging (16/24)
 u - a wand of confusion (37/48)
 y - a wand of enslavement (7/24)
 A - a wand of random effects (20/48)
 C - a wand of lightning (8/15)
Scrolls
 b - a scroll of enchant armour
 f - 4 scrolls of blinking
 m - 5 scrolls of remove curse
 r - 2 scrolls of identify
 v - 2 scrolls of teleportation
 z - 4 scrolls of enchant weapon
 H - a scroll of noise
 K - 2 scrolls of recharging
 M - a scroll of magic mapping
Potions
 i - a potion of brilliance
 k - 5 potions of curing
 l - 2 potions of agility
 n - a potion of cure mutation
 q - 2 potions of berserk rage
 s - a potion of cancellation
 t - a potion of might
 D - a potion of haste
 E - a potion of flight
 G - a potion of heal wounds
Books
 F - a Necronomicon

   Spells                             Type                      Level
   a - Haunt                          Necromancy/Summoning         7
   b - Borgnjor's Revivification      Necromancy                   8
   c - Death's Door                   Charms/Necromancy            8
   d - Necromutation                  Transmutation/Necromancy     8
   Trog disapproves of the use of such an item.
Comestibles
 c - 6 bread rations
 h - 4 beef jerkies
 o - a slice of pizza
 x - 5 fruits


   Skills:
 + Level 12.0 Fighting
 - Level 15.1 Polearms
 + Level 7.1 Armour
 - Level 11.5 Dodging


You had 11 spell levels left.
You didn't know any spells.

Dungeon Overview and Level Annotations

Branches:
Dungeon (13/15)            Temple (0/1) D:4            Lair (0/8) D:9
    Orc (0/2) D:12
 Vaults: D:13-14

Altars:
Fedhas
Gozag
Okawaru
Pakellas
Ru
Sif Muna
Trog
Vehumet
Xom

Shops:
D:10 ?   D:12 ?

Annotations:
D:7 4 runed doors, exclusion: statue
D:11 StormFighter's ghost, journeyman DECj
D:12 Azrael


Message History

You are too injured to fight recklessly!
You are too injured to fight recklessly!
You are too injured to fight recklessly!
You strike the helpless Azrael from a blind spot!
You puncture Azrael!
Azrael is severely wounded.
You barely miss Azrael.
Azrael is severely wounded.
Azrael gestures at you.
The damnation unfurls!
The damnation engulfs you!
* * * LOW HITPOINT WARNING * * *
The damnation engulfs Azrael.
Azrael completely resists.
You catch the helpless Azrael momentarily off-guard.
You puncture Azrael!
Azrael is almost dead.
You barely miss Azrael.
Azrael is almost dead.
Azrael gestures at you.
The damnation unfurls!
The damnation engulfs you!
You die...

#####.......##...######.###
###.......###########....
##......................##
#..####'####..#...........
#.##§≈≈≈≈≈≈##.#.#.####..#.
########.#≈≈≈≈≈≈≈≈≈#.............
.........#≈≈≈###≈≈≈#.(.........#.
#######..#§≈##.##≈≈#...#(###...#.
#...#§§+..R@≈≈#.#.#.##......
#.#.#≈≈##.##≈≈#...#)###...#.
###.#.#§§§###≈§§#.#.#.# #...#.
####(.)#.#§≈≈§≈≈≈≈≈#.#.#.###...#.
....(#.#.##≈≈≈≈≈≈≈##.#.#.>.....#.
####...#..####'####..#.####..###.
#####((##..............###..∩# #.
...##..###..##.............#.###.
.....)<.##..#####.##.#.#...#...#.


You could see Azrael.

Vanquished Creatures
  Harold (D:12)
  A centaur warrior (D:12)
  2 hill giants
  3 ugly things
  4 slime creatures (D:12)
  A cyclops (D:12)
  Maurice (D:8)
  The ghost of Kloppie the Spear-Bearer, a novice MfBe of Trog (D:4)
  A gargoyle (D:10)
  A troll (D:10)
  Prince Ribbit (D:6)
  Sigmund (D:5)
  4 yaks (D:11)
  A wyvern (D:10)
  11 fire elementals (D:12)
  Grum (D:8)
  A hippogriff (D:10)
  A hungry ghost (D:11)
  4 orc warriors
  2 ice beasts
  2 black bears
  An eye of draining (D:13)
  4 sky beasts
  4 phantoms
  A necrophage (D:7)
  9 ogres
  4 wolves (D:8)
  3 centaurs
  A crocodile (D:10)
  2 big kobolds
  A gnoll sergeant (D:11)
  9 giant frogs
  A water moccasin zombie (D:11)
  2 wyvern zombies
  2 scorpions
  7 killer bees
  7 crimson imps
  A giant frog zombie (D:9)
  8 hounds
  A centaur zombie (D:8)
  3 jellies
  6 orc priests
  14 orc wizards
  4 giant frog skeletons
  7 worker ants
  2 iguanas
  A hound zombie (D:5)
  4 mummies
  A howler monkey zombie (D:9)
  3 worker ant zombies
  10 adders
  11 gnolls
  3 shadow imps
  An ooze (D:4)
  8 adder zombies
  An adder skeleton (D:4)
  A worm (D:3)
  3 dart slugs
  4 giant geckos
  49 orcs
  10 bats
  3 giant cockroaches
  8 goblins
  6 hobgoblins
  7 jackals
  19 kobolds
  3 quokkas
  2 ball pythons
  A giant cockroach zombie (D:6)
  6 giant newts
  2 goblin zombies (Ossuary)
  3 hobgoblin zombies
  A jackal skeleton (D:4)
  6 kobold zombies (Ossuary)
  An orc zombie (D:7)
  A quokka skeleton (D:5)
  A quokka zombie (Ossuary)
  7 rats
  A rat zombie (Ossuary)
337 creatures vanquished.

Vanquished Creatures (collateral kills)
  A fire elemental (D:12)
  A scorpion (D:8)
  An orc priest (D:8)
  An orc wizard (D:8)
  A jackal (D:8)
5 creatures vanquished.

Vanquished Creatures (others)
  A cyclops (D:3)
  A manticore (D:12)
2 creatures vanquished.

Grand Total: 344 creatures vanquished

Notes
Turn   | Place    | Note
--------------------------------------------------------------
     0 | D:1      | Kloppie the Merfolk Berserker began the quest for the Orb.
     0 | D:1      | Reached XP level 1. HP: 18/18 MP: 1/1
   107 | D:1      | Reached XP level 2. HP: 17/24 MP: 2/2
   159 | D:1      | Reached skill level 5 in Polearms
   601 | D:1      | Reached XP level 3. HP: 30/30 MP: 3/3
   606 | D:1      | Reached ** piety under Trog
   844 | D:2      | Reached XP level 4. HP: 37/37 MP: 4/4
  1023 | D:2      | Reached skill level 6 in Polearms
  1539 | D:3      | Reached *** piety under Trog
  1598 | D:3      | Reached XP level 5. HP: 43/43 MP: 5/5
  2037 | D:3      | Found an opulent altar of Gozag.
  2038 | D:3      | Found a bloodstained altar of Trog.
  2087 | D:3      | Found an oddly glowing altar of Pakellas.
  2088 | D:3      | Noticed a cyclops
  2095 | D:3      | Killed a cyclops
  2234 | D:3      | Reached XP level 6. HP: 49/50 MP: 6/6
  2261 | D:4      | Reached skill level 5 in Fighting
  2280 | D:4      | Noticed Kloppie's ghost (novice MfBe)
  2281 | D:4      | Reached skill level 7 in Polearms
  2467 | D:4      | Killed Kloppie's ghost
  2467 | D:4      | Reached skill level 8 in Polearms
  2467 | D:4      | Reached XP level 7. HP: 57/57 MP: 7/7
  2900 | D:4      | Reached XP level 8. HP: 64/64 MP: 8/8
  2901 | D:4      | Reached **** piety under Trog
  3089 | D:4      | Found a staircase to the Ecumenical Temple.
  3353 | D:5      | Entered Level 5 of the Dungeon
  3366 | D:5      | You fall through a shaft!
  3655 | D:5      | Noticed Sigmund
  3659 | D:5      | Killed Sigmund
  3659 | D:5      | Reached skill level 9 in Polearms
  3849 | D:5      | Found a shimmering altar of Xom.
  4448 | D:6      | Noticed Prince Ribbit
  4463 | D:6      | Killed Prince Ribbit
  4463 | D:6      | Reached skill level 10 in Polearms
  4541 | D:6      | Reached XP level 9. HP: 53/73 MP: 9/9
  4956 | D:6      | Found a blossoming altar of Fedhas.
  5328 | D:7      | Found a radiant altar of Vehumet.
  5367 | D:7      | Reached skill level 11 in Polearms
  5422 | D:7      | Found a huge runed gate.
  5422 | D:7      | Found a huge runed gate.
  5422 | D:7      | Found a huge runed gate.
  5422 | D:7      | Found a huge runed gate.
  5422 | D:7      | Noticed a polar bear
  5422 | D:7      | Noticed a polar bear
  5422 | D:7      | Noticed a polar bear
  5422 | D:7      | Noticed a griffon
  5422 | D:7      | Noticed a polar bear
  5422 | D:7      | Noticed a polar bear
  5422 | D:7      | Noticed a griffon
  5494 | D:7      | Found a sand-covered staircase.
  5505 | Ossuary  | Entered an ossuary
  5824 | D:7      | Found an iron altar of Okawaru.
  6295 | D:8      | Reached skill level 10 in Dodging
  6381 | D:8      | Reached ***** piety under Trog
  6474 | D:8      | Noticed Maurice
  6526 | D:8      | Reached skill level 12 in Polearms
  6526 | D:8      | Reached XP level 10. HP: 48/83 MP: 10/10
  7216 | D:8      | Noticed Grum
  7244 | D:8      | Killed Grum
  7620 | D:8      | Reached skill level 10 in Fighting
  7630 | D:8      | Killed Maurice
  7692 | D:8      | Found a deep blue altar of Sif Muna.
  8252 | D:9      | Found a staircase to the Lair.
  8258 | D:9      | Found a sacrificial altar of Ru.
  8318 | D:9      | Reached skill level 13 in Polearms
  8357 | D:9      | Found a deep blue altar of Sif Muna.
  8479 | D:10     | Entered Level 10 of the Dungeon
  8558 | D:10     | Found Keppenam's Magic Scroll Shoppe.
  8836 | D:10     | You fall through a shaft for 3 floors!
  8853 | D:13     | Noticed a red ugly thing
  8859 | D:13     | Killed a red ugly thing
  8859 | D:13     | Reached XP level 11. HP: 92/92 MP: 11/11
  9006 | D:12     | Noticed Harold
  9024 | D:12     | Killed Harold
  9024 | D:12     | Reached skill level 14 in Polearms
  9082 | D:11     | Noticed a brown ugly thing
  9097 | D:11     | Killed a brown ugly thing
  9429 | D:10     | Noticed a hill giant
  9441 | D:10     | Killed a hill giant
  9441 | D:10     | Reached skill level 5 in Armour
  9710 | D:11     | Reached skill level 15 in Polearms
  9962 | D:11     | Noticed StormFighter's ghost (journeyman DECj)
 10019 | D:12     | Found a staircase to the Orcish Mines.
 10245 | D:12     | Found Ereunk's Magic Scroll Boutique.
 10734 | D:12     | Noticed a centaur warrior
 10742 | D:12     | Killed a centaur warrior
 10783 | D:12     | Noticed a red ugly thing
 10801 | D:12     | Killed a red ugly thing
 10801 | D:12     | Reached XP level 12. HP: 69/100 MP: 12/12
 12114 | D:12     | Noticed Azrael
 12129 | D:12     | Killed from afar by Azrael

Skill      XL: |  1  2  3  4  5  6  7  8  9 10 11 12 |
---------------+-------------------------------------+-----
Polearms       | 5 6 8 10 12 13 15 | 15.1
Fighting       | 4 5 6 7 9 10 11 12 | 12.0
Armour         | 2 3 6 7 |  7.1
Dodging        | 4 6 8 10 11 | 11.5

Action                   |  1- 3 |  4- 6 |  7- 9 | 10-12 || total
-------------------------+-------+-------+-------+-------++-------
Melee: Spear             |   126 |   334 |   589 |   240 ||  1289
       Trident           |       |       |       |   728 ||   728
Invok: Berserk           |     2 |     4 |    11 |    26 ||    43
       Trog's Hand       |       |     1 |     1 |    13 ||    15
       Brothers in Arms  |       |       |       |     2 ||     2
 Abil: Evoke Flight      |       |       |       |     1 ||     1
  Use: Scroll            |       |       |    20 |     6 ||    26
       Potion            |       |       |       |     1 ||     1
 Stab: Sleeping          |     1 |       |       |       ||     1
       Distracted        |       |       |       |     2 ||     2
  Eat: Chunk             |     1 |    10 |    18 |    39 ||    68
       Pizza             |       |       |     1 |       ||     1
       Meat ration       |       |       |     1 |     1 ||     2
       Bread ration      |       |       |       |     1 ||     1
Armor: Animal skin       |     4 |       |       |       ||     4
       Scale mail        |    36 |    96 |    95 |   154 ||   381
Dodge: Dodged            |    60 |   125 |   179 |   386 ||   750
